 Dungeon Crawl Stone Soup version 0.32-a0-918-g0f22ef8d61 (webtiles) character file.

Game seed: 14288229162761589141

256 GeoRichter the Trooper (level 6, -7/67 HPs)
             Began as an Oni Cinder Acolyte on Apr 10, 2024.
             Was an Initiate of the Shining One.
             Mangled by a fire elemental (12 damage)
             ... created by the fiery vengeance of Ignis
             ... on level 4 of the Dungeon.
             The game lasted 00:05:17 (3418 turns).

GeoRichter the Trooper (Oni Cinder Acolyte)         Turns: 3418, Time: 00:05:18

Health: -7/67      AC:  6    Str: 27    XL:     6   Next: 16%
Magic:  7/7        EV:  8    Int: 15    God:    the Shining One [......]
Gold:   93         SH:  0    Dex: 10    Spells: 7/7 levels left

rFire   . . .        q - +0 dire flail
rCold   . . .        (shield currently unavailable)
rNeg    . . .        b - +0 robe
rPois   .            (helmet restricted)
rElec   .            i - +2 cloak
rCorr   .            (gloves unavailable)
SInv    .            (boots unavailable)
Will    .....        (no amulet)
Stlth   +            l - +6 ring of strength
HPRegen 0.31/turn    o - +6 ring of dexterity
MPRegen 0.10/turn

%: no passive effects
@: about to teleport, glowing, fire susceptible
A: large, unfitting armour, horns 1, tough skin 1, double potion healing,
drunken brawling
a: Renounce Religion


You were on level 4 of the Dungeon.
You worshipped the Shining One.
The Shining One was noncommittal.
You visited 1 branch of the dungeon, and saw 4 of its levels.

You collected 113 gold pieces.
You spent 20 gold pieces at shops.

Inventory:

Hand Weapons
 n - a +1 spear of flaming
   (You found it on level 2 of the Dungeon)
 q - a +0 dire flail (weapon)
   (You found it on level 3 of the Dungeon)
Missiles
 s - 3 poisoned darts (quivered)
 t - a throwing net {!f}
Armour
 b - a +0 robe (worn)
 i - a +2 cloak (worn)
   (You found it on level 2 of the Dungeon)
Jewellery
 l - a +6 ring of strength (left hand)
   (You found it on level 2 of the Dungeon)
 o - a +6 ring of dexterity (right hand)
   (You found it on level 3 of the Dungeon)
Scrolls
 a - 4 scrolls of identify {@r1}
 c - 2 scrolls of brand weapon
 j - a scroll of enchant armour {unknown}
 k - a scroll of teleportation {@r4}
 m - a scroll of fear {unknown}
 p - a scroll of fog {unknown}
 r - a scroll of vulnerability {unknown}
 u - a scroll of noise {unknown}
Potions
 d - a potion of mutation {!q}
 e - 3 potions of brilliance {unknown}
 f - a potion of curing {unknown}
 g - 2 potions of resistance {unknown}
 h - 2 potions of heal wounds {@q2}
 v - a potion of magic {unknown}


   Skills:
 + Level 6.0 Fighting
 * Level 5.7 Maces & Flails
 - Level 1.2 Spellcasting
 - Level 2.6 Fire Magic


You had 7 spell levels left.
You didn't know any spells.
Your spell library contained the following spells:

 Spells                   Type           Power      Damage    Failure   Level
 Scorch                   Fire           16%        2d5       12%         2


Dungeon Overview and Level Annotations

Branches:
Dungeon (4/15) Zot: 20532
 Temple: D:4-7

Altars:
The Shining One

Shops:
D:1 ?[


Innate Abilities, Weirdness & Mutations

You are too large for most types of armour.
You have a pair of small horns on your head.
You have tough skin. (AC +1)
You gain doubled healing and magic from potions.
Whenever you drink a healing potion, you attack all around you.


Message History

You thump the iguana! Your headbutt misses the iguana.
The iguana is severely wounded.
The iguana bites you!
You closely miss the iguana.
The iguana is severely wounded.
The iguana bites you.
You hit the iguana.
The iguana is almost dead.
The iguana bites you but does no damage.
You closely miss the iguana. Your headbutt misses the iguana.
The iguana is almost dead.
The iguana bites you!
* * * LOW HITPOINT WARNING * * *
You completely miss the iguana.
You headbutt the iguana, but do no damage.
The iguana is almost dead.
The iguana bites you.
* * * LOW HITPOINT WARNING * * *
You thump the iguana!
You kill the iguana!
Your Fighting skill increases to level 6!
You start resting.
Ignis calls forth spirits of fire to unmake you! 3 fire elementals come into view.
There is an open door here.
You sock the fire elemental!
Your headbutt misses the fire elemental.
The fire elemental is moderately damaged.
The fire elemental hits you. The fire elemental burns you!
You hit the fire elemental but do no damage.
Your headbutt misses the fire elemental.
The fire elemental is moderately damaged.
The fire elemental hits you. The fire elemental burns you!
The fire elemental hits you. The fire elemental burns you!
You barely miss the fire elemental.
The fire elemental is moderately damaged.
The fire elemental hits you. The fire elemental burns you!
* * * LOW HITPOINT WARNING * * *
You barely miss the fire elemental.
You headbutt the fire elemental, but do no damage.
The fire elemental is moderately damaged.
The fire elemental hits you. The fire elemental burns you!
* * * LOW HITPOINT WARNING * * *
As you read the scroll of teleportation {@r4}, it crumbles to dust.
You feel strangely unstable. The fire elemental hits you.
* * * LOW HITPOINT WARNING * * *
The fire elemental burns you!
* * * LOW HITPOINT WARNING * * *
The fire elemental hits you. The fire elemental burns you!
You die...

#+##..# #.....# #.#.....#
#.#.....# # #.##..#.# #
##.....#.#.################## #
#>.....#.#.....E○°...........###
#..##.##.########E..######......
#..##..........@EE..+ ........
#.........#######...# #......
#..####)#.....###...# #......
#..# #.#####.......# ###......
#..# #.######......# ##........
#..# #......'....... ....<....#
##.)###########......####.#....##
............ ............#...##.
##.#'##########...##......+..##..


You could see 3 fire elementals.

Vanquished Creatures
  An iguana (D:4)
  Natasha (thrice) (D:2)
  6 adders
  A ribbon worm (D:2)
  4 dart slugs
  5 orcs (D:4)
  4 endoplasms
  5 giant cockroaches
  8 goblins
  9 hobgoblins
  6 jackals (D:2)
  7 kobolds
  7 quokkas
  5 ball pythons
  5 bats
  4 frilled lizards
  6 rats
86 creatures vanquished.

Notes
Turn   | Place    | Note
-------+----------+-------------------------------------------
     0 | D:1      | GeoRichter the Oni Cinder Acolyte began the quest for the
                  | Orb.
     0 | D:1      | Reached XP level 1. HP: 24/24 MP: 2/2
    99 | D:1      | Found Xaub's Antique Armour Boutique.
   193 | D:1      | Reached XP level 2. HP: 29/32 MP: 3/3
   251 | D:1      | Found Naireem's Magic Scroll Emporium.
   265 | D:1      | Bought a scroll of identify for 20 gold pieces
   322 | D:1      | Found a faded altar of an unknown god.
   587 | D:1      | Reached XP level 3. HP: 31/40 MP: 4/4
  1258 | D:2      | Reached XP level 4. HP: 30/49 MP: 5/5
  1260 | D:2      | Reached skill level 5 in Fighting
  1267 | D:2      | HP: 2/50 [poisoned by an adder]
  1758 | D:2      | Noticed Natasha
  1764 | D:2      | Killed Natasha
  1765 | D:2      | Reached XP level 5. HP: 42/57 MP: 6/6
  2138 | D:2      | Reached skill level 5 in Maces & Flails
  2727 | D:2      | Noticed Natasha
  2743 | D:2      | Killed Natasha
  2993 | D:2      | Noticed Natasha
  3001 | D:2      | Killed Natasha
  3108 | D:4      | Found a glowing golden altar of the Shining One.
  3135 | D:4      | Fell from the grace of Ignis
  3135 | D:4      | Became a worshipper of the Shining One
  3227 | D:4      | Reached XP level 6. HP: 59/67 MP: 7/7
  3293 | D:4      | Reached skill level 6 in Fighting
  3411 | D:4      | Noticed a fire elemental
  3411 | D:4      | Noticed a fire elemental
  3411 | D:4      | Noticed a fire elemental
  3418 | D:4      | Mangled by a fire elemental

Illustrated notes

Levels and vault maps discovered:
D:1:      dpeg_arrival_rooms_with_view, layout_basic,
          dreamdust_ecumenical_altar_statues, serial_shops,
          nicolae_shop_crystal, shop, minmay_misc_feat_enclosed,
          chequers_serial_rivers_small_b
D:2:      minmay_skewed_foursquare, layout_basic, minmay_pentomino_r4,
          uniq_natasha
D:3:      layout_rooms, minmay_diced_spiral
D:4:      layout_basic, mainiacjoe_overflow_concentric_impassable,
          tso_metal_star, serial_shops, shop

Skill      XL: |  1  2  3  4  5  6 |
---------------+-------------------+-----
Maces & Flails | 4 5 |  5.7
Fighting       | 5 6 |  6.0
Spellcasting   | |  1.2
Fire Magic     | |  2.6

Action                     |  1- 3 |  4- 6 || total
---------------------------+-------+-------++-------
  Melee: Mace              |   116 |    40 ||   156
         Headbutt          |     8 |    16 ||    24
         Spear             |       |    62 ||    62
         Dire flail        |       |    64 ||    64
 Invoke: Fiery Armour      |     1 |     1 ||     2
    Use: Scroll            |     2 |     3 ||     5
 Armour: Robe              |    91 |   134 ||   225
  Dodge: Dodged            |    50 |    61 ||   111

Table legend: (Time is in decaauts)
 A = Elapsed time spent in this place.
 B = Non-inter-level travel time spent in this place.
 C = Inter-level travel time spent in this place.
 D = Time resting spent in this place.
 E = Time spent auto-exploring this place.
 F = Levels seen in this place.
 G = Mean time per level.
                   A        B        C        D        E       F      G
               +--------+--------+--------+--------+--------+-----+--------+
         Total |   3467 |   3306 |    161 |    382 |   2197 |   4 |  866.8 |
       Dungeon |   3467 |   3306 |    161 |    382 |   2197 |   4 |  866.8 |
               +--------+--------+--------+--------+--------+-----+--------+

Top non-repeatable levels by time:
     D:2: 1550 daAuts
     D:1: 993 daAuts
     D:3: 565 daAuts
     D:4: 357 daAuts
